 Dungeon Crawl Stone Soup version 0.28.0-53-g5a82cb258f (webtiles) character file.

Game seed: 7508567732215555009

1834 cbfl8 the Cleaver (level 8, 0/109 HPs)
             Began as a Minotaur Berserker on Aug 3, 2022.
             Was a Priest of Trog.
             Slain by a troll (3 damage)
             ... on level 7 of the Dungeon.
             The game lasted 00:06:34 (7217 turns).

cbfl8 the Cleaver (Minotaur Berserker)              Turns: 7217, Time: 00:06:34

Health: 0/109      AC: 24    Str: 23    XL:     8   Next: 87%
Magic:  7/7        EV:  2    Int:  4    God:    Trog [***...]
Gold:   350        SH:  5    Dex: 11    Spells: 7/7 levels left

rFire   . . .      SeeInvis .   q - +1 hand axe (vorpal)
rCold   . . .      Faith    .   (no shield)
rNeg    . . .      Spirit   .   (armour currently unavailable)
rPois   +          Reflect  +   (helmet currently unavailable)
rElec   .          Harm     .   (cloak currently unavailable)
rCorr   .          Rampage  .   (gloves currently unavailable)
Will    .....      NoTele   +   (boots currently unavailable)
Stlth   +.........              n - amulet of reflection
HPRegen 1.08/turn               (no ring)
MPRegen 0.10/turn               (no ring)

@: tree-form, on berserk cooldown, slowed, very slow
A: stationary, stasis, torment immunity, boosted hp, (horns 2), (retaliatory
headbutt), (hooves 1), (iridescent scales 1), regeneration 1
a: Renounce Religion, Berserk, Trog's Hand


You were on level 7 of the Dungeon.
You worshipped Trog.
Trog was most pleased with you.
You were a tree.
You visited 1 branch of the dungeon, and saw 7 of its levels.

You collected 350 gold pieces.

Inventory:

Hand Weapons
 q - a +1 vorpal hand axe (weapon)
Armour
 f - a +0 plate armour (melded)
 i - +0 steam dragon scales
Jewellery
 n - an amulet of reflection (around neck)
Wands
 p - a wand of digging (8)
Scrolls
 a - a scroll of enchant weapon
 b - a scroll of identify
 g - a scroll of teleportation
 l - 2 scrolls of magic mapping {unknown}
 m - a scroll of holy word {unknown}
 o - a scroll of enchant armour {unknown}
 r - a scroll of blinking {unknown}
 s - a scroll of fear {unknown}
Potions
 c - 2 potions of resistance
 d - a potion of brilliance {unknown}
 e - a potion of flight {unknown}
 h - a potion of might {unknown}
 j - a potion of cancellation {unknown}
 k - 3 potions of lignification
 t - a potion of heal wounds {unknown}
 u - a potion of mutation
 v - a potion of haste {unknown}
 w - a potion of experience {unknown}


   Skills:
 * Level 7.4 Fighting
 + Level 8.3 Axes
 + Level 5.7 Armour
 * Level 5.1 Dodging
 + Level 0.3 Stealth
 + Level 2.8 Shields
 * Level 3.6 Evocations


You had 7 spell levels left.
You didn't know any spells.
Your spell library was empty.

Dungeon Overview and Level Annotations

Branches:
Dungeon (7/15)             Temple (0/1) D:4

Altars:
Makhleb


Innate Abilities, Weirdness & Mutations

You are a tree.
Your roots penetrate the ground, keeping you stationary.
You cannot be teleported.
You are immune to unholy pain and torment.
Your maximum health is greatly increased.
Your equipment is partially melded.
((You have a pair of horns on your head.))
((You reflexively headbutt those who attack you in melee.))
((You have large cloven feet.))
((You are partially covered in iridescent scales. (AC +2)))
Your natural rate of healing is unusually fast.


Message History

* * * LOW HITPOINT WARNING * * *
The troll claws you.
* * * LOW HITPOINT WARNING * * *
Really quaff the potion of lignification?
You turn into a tree.
Your +0 plate armour melds into your body.
Your roots penetrate the ground.
The troll bites you but does no damage. You block the troll's attack.
The troll claws you but does no damage.
You completely miss the troll.
The troll is moderately wounded.
The troll bites you but does no damage. The troll claws you.
* * * LOW HITPOINT WARNING * * *
You block the troll's attack.
You hit the troll.
The troll is heavily wounded.
You block the troll's attack. The troll claws you but does no damage.
You block the troll's attack. The troll bites you but does no damage.
The troll claws you.
* * * LOW HITPOINT WARNING * * *
The troll claws you but does no damage.
You hit the troll.
The troll is heavily wounded.
The troll bites you!
* * * LOW HITPOINT WARNING * * *
The troll barely misses you. The troll claws you but does no damage.
Unknown command.
You closely miss the troll.
The troll is heavily wounded.
The troll bites you but does no damage. The troll claws you but does no damage.
The troll claws you!
* * * LOW HITPOINT WARNING * * *
It was a potion of mutation.
You feel extremely strange.
Your feet thicken and deform.
You begin to heal more quickly.
Iridescent scales grow over part of your body.
The troll bites you.
* * * LOW HITPOINT WARNING * * *
The troll claws you but does no damage. You block the troll's attack.
The troll completely misses you. The troll claws you but does no damage.
The troll claws you.
You die...

.............#
.............##
...........#..#
..........##..#
.......... #..#
......... #..#
.......)# #..#
......T♣# #<.#
.....##.# #..#
##..###.####..#
#....))##...#
##...)......#
#........###
#........###
..........#
###.......#


You could see a troll.

Vanquished Creatures
  Prince Ribbit (D:5)
  2 steam dragons (D:6)
  An ice beast (D:5)
  A necrophage (D:5)
  2 centaurs
  An ogre (D:5)
  A kobold brigand (D:6)
  3 scorpions
  3 wights (D:4)
  A crimson imp (D:6)
  3 hounds
  2 jellies (D:5)
  An orc priest (D:7)
  A bullfrog skeleton (D:6)
  A centaur skeleton (D:7)
  5 iguanas
  An orc wizard (D:7)
  4 adders
  A white imp (D:6)
  2 worms (D:2)
  An adder skeleton (D:4)
  5 dart slugs
  13 orcs
  6 endoplasms
  7 giant cockroaches
  6 goblins
  12 hobgoblins
  4 jackals (D:4)
  15 kobolds
  3 quokkas
  9 ball pythons
  3 bats
  6 frilled lizards
  A rat (D:3)
128 creatures vanquished.

Vanquished Creatures (others)
  An orc priest (D:6)
  2 orc wizards (D:6)
3 creatures vanquished.

Grand Total: 131 creatures vanquished

Notes
Turn   | Place    | Note
-------+----------+-------------------------------------------
     0 | D:1      | cbfl8 the Minotaur Berserker began the quest for the Orb.
     0 | D:1      | Reached XP level 1. HP: 19/19 MP: 0/0
   765 | D:1      | Reached XP level 2. HP: 15/27 MP: 1/1
   815 | D:1      | Reached skill level 4 in Axes
  1480 | D:2      | Reached XP level 3. HP: 30/33 MP: 2/2
  2175 | D:2      | Reached ** piety under Trog
  2415 | D:2      | Reached XP level 4. HP: 41/41 MP: 3/3
  2751 | D:3      | Reached skill level 5 in Axes
  3788 | D:4      | Reached skill level 5 in Fighting
  3788 | D:4      | Reached XP level 5. HP: 42/48 MP: 4/4
  3790 | D:4      | Reached skill level 1 in Evocations
  4444 | D:4      | Reached skill level 1 in Shields
  4444 | D:4      | Reached XP level 6. HP: 55/56 MP: 5/5
  4640 | D:4      | Found a staircase to the Ecumenical Temple.
  5118 | D:4      | Reached *** piety under Trog
  5212 | D:5      | Entered Level 5 of the Dungeon
  5234 | D:5      | Noticed Prince Ribbit
  5245 | D:5      | Killed Prince Ribbit
  5246 | D:5      | Reached skill level 6 in Axes
  5246 | D:5      | Reached XP level 7. HP: 36/62 MP: 6/6
  5738 | D:5      | Reached skill level 7 in Axes
  5836 | D:5      | Reached XP level 8. HP: 66/71 MP: 7/7
  6304 | D:6      | Reached skill level 5 in Armour
  6561 | D:6      | Found a burning altar of Makhleb.
  6631 | D:6      | Reached skill level 8 in Axes
  7196 | D:7      | Reached skill level 5 in Dodging
  7204 | D:7      | Noticed a troll
  7216 | D:7      | HP: 2/109 [troll (7)]
  7217 | D:7      | Gained mutation: You have large cloven feet. [potion of
                  | mutation]
  7217 | D:7      | Gained mutation: Your natural rate of healing is unusually
                  | fast. [potion of mutation]
  7217 | D:7      | Gained mutation: You are partially covered in iridescent
                  | scales. (AC +2) [potion of mutation]
  7217 | D:7      | Slain by a troll

Illustrated notes

Levels and vault maps discovered:
D:1:      dpeg_arrival_rooms_b, layout_basic
D:2:      layout_basic, kennysheep_cross_bottleneck, grunt_ministairs_10
D:3:      layout_loops_ring
D:4:      layout_gridville, minmay_temple_entry_butterflies
D:5:      layout_basic, chequers_serial_rivers_micro_a, kennysheep_boxes,
          uniq_prince_ribbit1
D:6:      layout_basic, kennysheep_little_box, minmay_fire_ice_demons
D:7:      layout_layer_cave

Skill      XL: |  1  2  3  4  5  6  7  8 |
---------------+-------------------------+-----
Fighting       | 4 5 6 7 |  7.4
Axes           | 4 5 6 7 8 |  8.3
Dodging        | 3 4 5 |  5.1
Evocations     | 1 2 3 |  3.6
Armour         | 3 4 5 |  5.7
Shields        | 1 2 |  2.8
Stealth        | |  0.3

Action                   |  1- 3 |  4- 6 |  7- 9 || total
-------------------------+-------+-------+-------++-------
Melee: Hand axe          |    89 |   116 |   106 ||   311
       Headbutt          |    14 |    13 |    15 ||    42
       Punch             |     2 |     1 |     1 ||     4
Invok: Berserk           |       |     2 |     3 ||     5
  Use: Scroll            |       |     4 |     2 ||     6
       Potion            |       |       |     2 ||     2
Armor: Animal skin       |     7 |       |       ||     7
       Ring mail         |     5 |       |       ||     5
       Chain mail        |     3 |    15 |       ||    18
       Plate armour      |       |    19 |    52 ||    71
       Skin              |       |       |    11 ||    11
Dodge: Dodged            |    50 |    32 |    34 ||   116
Block: Other             |     5 |    32 |    26 ||    63
       Reflection        |       |       |     3 ||     3
